 Dungeon Crawl Stone Soup version 0.30.1-9-gdf580d7c3d (webtiles) character file.

Game seed: 18122317777568982627

65788 Peloso the Fencer (level 14, -13/122 (133) HPs)
             Began as a Minotaur Fighter on Sept 26, 2023.
             Was a High Priest of Okawaru.
             Killed from afar by a necromancer (48 damage)
             ... with a bolt of negative energy
             ... on level 13 of the Dungeon.
             The game lasted 00:51:58 (24567 turns).

Peloso the Fencer (Minotaur Fighter)               Turns: 24567, Time: 00:52:00

HP:   -13/122 (133) AC: 26    Str: 22    XL:     14   Next: 76%
MP:   0/5           EV: 14    Int:  7    God:    Okawaru [*****.]
Gold: 632           SH: 10    Dex: 23    Spells: 13/13 levels left

rFire   . . .        b - +5 demon blade of Wyrd {flame, Fly rPois MP-9}
rCold   + + .        d - +0 buckler
rNeg    . . .        g - +0 plate armour {rC+}
rPois   +            (helmet restricted)
rElec   +            W - +1 cloak
rCorr   .            c - +2 pair of gloves
SInv    .            (no boots)
Will    ++...        K - amulet "Ozaly" {Spirit rC+ Int+2 Dex+3} Stlth
                     j - +6 ring of dexterity
HPRegen 0.40/turn    f - ring of Zaojetas {Wiz rElec rPois Will+}
MPRegen 0.09/turn

%: guardian spirit, wizardry (x1)
@: lethally poisoned (-13 -> -18), heroic, flying, studying Axes, drained
A: horns 2, retaliatory headbutt
a: Renounce Religion, Heroism, Finesse, Duel


You were on level 13 of the Dungeon.
You worshipped Okawaru.
Okawaru was extremely pleased with you.
You visited 4 branches of the dungeon, and saw 19 of its levels.
You also visited: Sewer and Bailey.

You collected 1636 gold pieces.
You spent 1004 gold pieces at shops.

Inventory:

Hand Weapons
 a - a +1 long sword of freezing
 b - the +5 demon blade of Wyrd (weapon) {flame, Fly rPois MP-9}
   (Okawaru gifted it to you on level 2 of the Lair of Beasts)

   rPois:     It protects you from poison.
   MP:        It affects your magic capacity (-9).
   Fly:       It grants you flight.
Armour
 c - a +2 pair of gloves (worn)
 d - a +0 buckler (worn)
 g - a +0 plate armour of cold resistance (worn)
 q - the +2 plate armour of Compression {Harm Str-3 Int+5 Dex+3}
   (You found it in a bailey)

   Str:       It affects your strength (-3).
   Int:       It affects your intelligence (+5).
   Dex:       It affects your dexterity (+3).
   Harm:      It increases damage dealt and taken.
 r - a +0 cloak
 v - a +1 chain mail of fire resistance
 E - a +0 plate armour of poison resistance
 F - the +5 scale mail of Charity {rN+ rCorr SInv}
   (You bought it in a shop on level 1 of the Orcish Mines)

   rN:        It protects you from negative energy.
   SInv:      It lets you see invisible.
   rCorr:     It protects you from acid and corrosion.
 G - the +7 Kryia's mail coat {PotionHeal*2 rC+}
   (Okawaru gifted it to you on level 2 of the Orcish Mines)

   PotionHeal*2: Potions heal its wearer twice as much.
   rC:        It protects you from cold.
 I - +1 steam dragon scales
 P - the +0 plate armour "Nekypha" {Harm *Corrode Regen+ Stlth+}
   (You bought it in a shop on level 2 of the Orcish Mines)

   Regen:     It increases your rate of health regeneration.
   *Corrode:  It may corrode you when you take damage.
   Harm:      It increases damage dealt and taken.
   Stlth:     It makes you more stealthy.
 W - a +1 cloak (worn)
Jewellery
 f - the ring of Zaojetas (right hand) {Wiz rElec rPois Will+}
   (You found it on level 11 of the Dungeon)

   [ring of wizardry]

   It improves your spell success rate.
   rElec:     It insulates you from electricity.
   rPois:     It protects you from poison.
   Will:      It increases your willpower.
 j - a +6 ring of dexterity (left hand)
 u - a ring of positive energy
 w - a +4 ring of protection
 x - a ring of resist corrosion
 z - a +6 ring of strength
 K - the amulet "Ozaly" (around neck) {Spirit rC+ Int+2 Dex+3}
   (You took it off an orc knight on level 11 of the Dungeon)

   [amulet of guardian spirit]

   It causes incoming damage to be divided between your reserves of health and
   magic.
   Int:       It affects your intelligence (+2).
   Dex:       It affects your dexterity (+3).
   rC:        It protects you from cold.
 U - a ring of flight
 V - a +5 ring of evasion
Wands
 n - a wand of flame (7)
 y - a wand of acid (8)
 M - a wand of paralysis (4)
 Q - a wand of polymorph (6)
Scrolls
 e - 8 scrolls of enchant weapon
 i - a scroll of summoning
 k - 5 scrolls of amnesia
 m - 2 scrolls of enchant armour
 C - 3 scrolls of fog
 H - 2 scrolls of immolation
 L - a scroll of brand weapon
 N - a scroll of acquirement
 O - a scroll of noise
 R - 2 scrolls of identify
 T - a scroll of magic mapping {unknown}
 X - 2 scrolls of fear
Potions
 h - 2 potions of resistance
 l - 3 potions of magic
 o - a potion of haste
 p - 8 potions of mutation
 s - 7 potions of curing
 t - 4 potions of flight
 A - 3 potions of brilliance
 B - 4 potions of lignification
 D - a potion of ambrosia
 S - 2 potions of might
 Y - 2 potions of heal wounds
Miscellaneous
 J - a lightning rod (4/4)


   Skills:
 + Level 14.6(19.6) Fighting
 + Level 17.4(22.4) Long Blades
 + Level 16.2(21.2) Armour
 + Level 5.0(10.0) Dodging
 + Level 2.3(7.3) Stealth
 + Level 14.2(19.2) Shields
 + Level 2.4 Invocations
 + Level 1.5 Evocations


You had 13 spell levels left.
You didn't know any spells.
Your spell library contained the following spells:

 Spells                   Type           Power      Damage    Failure   Level
 Apportation              Tloc           0%         N/A       71%         1
 Necrotise                Necr           0%         1d4       71%         1
 Sandblast                Erth           0%         2d4       71%         1
 Slow                     Hex            0%         N/A       71%         1
 Cigotuvi's Dreadful Rot  Necr/Pois/Air  0%         N/A       83%         2
 Passwall                 Tmut/Erth      0%         N/A       83%         2
 Sublimation of Blood     Necr           0%         N/A       83%         2
 Confusing Touch          Hex            0%         N/A       96%         3
 Portal Projectile        Hex/Tloc       0%         N/A       96%         3
 Stone Arrow              Conj/Erth      0%         3d7       96%         3
 Vampiric Draining        Necr           0%         2d6       96%         3
 Dispel Undead            Necr           0%         3d6       100%        4
 Petrify                  Tmut/Erth      0%         N/A       100%        4
 Blade Hands              Tmut           0%         N/A       100%        5
 Irradiate                Conj/Tmut      0%         3d11      100%        5
 Lehudib's Crystal Spear  Conj/Erth      0%         10d2      100%        8
 Summon Small Mammal      Summ           Unusable   N/A       N/A         1
 Tukima's Dance           Hex            Unusable   N/A       N/A         3
 Animate Armour           Summ/Erth      Unusable   N/A       N/A         4
 Death Channel            Necr           Unusable   N/A       N/A         6

Dungeon Overview and Level Annotations

Branches:
Dungeon (13/15)            Temple (1/1) D:7            Lair (3/5) D:10
 Shoals (0/4) Lair:3       Spider (0/4) Lair:3          Orc (2/2) D:11
    Elf (0/3) Orc:2        Vaults (0/5) D:13          Sewer (visited)
 Bailey (visited)

Altars:
Ashenzari
Cheibriados
Elyvilon
Gozag
Kikubaaqudgha
Makhleb
Nemelex Xobeh
Okawaru
Qazlal
Ru
Vehumet
Xom
Yredelemnul
Zin
The Shining One

Shops:
D:3 :   D:9 *   Orc:1 [   Orc:2 ([*:

Annotations:
D:7 4 runed translucent doors
D:9 1 runed translucent door, Madon's ghost, journeyman MiBe
D:11 Dig


Innate Abilities, Weirdness & Mutations

You have a pair of horns on your head.
You reflexively headbutt those who attack you in melee.


Message History

You headbutt the vault guard!
The vault guard is heavily wounded.
You slash the vault guard! You burn the vault guard.
The vault guard is heavily wounded.
The vault guard hits you with a +0 long sword of venom!
You are poisoned.
The necromancer mumbles some strange words.
The necromancer binds the souls of nearby monsters.
You slice the vault guard!! You burn the vault guard!
You kill the vault guard!
Okawaru accepts your kill.
A freezing mist starts to gather...
A vault guard simulacrum comes into view.
You feel very sick.
The necromancer casts a spell.
The necromancer binds the souls of nearby monsters.
You gain the combat prowess of a mighty hero.
You feel very sick. You block the necromancer's attack.
You completely miss the necromancer.
You feel sick.
Unknown command.
You slice the necromancer!! You burn the necromancer!
The necromancer is severely wounded.
You feel sick. The necromancer barely misses you. You furiously retaliate!
You headbutt the necromancer, but do no damage.
Unknown command.
You slash the necromancer! You burn the necromancer.
You kill the necromancer!
Okawaru accepts your kill.
A freezing mist starts to gather...
A necromancer simulacrum comes into view.
You feel sick.
You slice the vault guard simulacrum!!
You melt the vault guard simulacrum!
The vault guard simulacrum is almost destroyed.
You feel sick.
The necromancer gestures at you while chanting.
The bolt of negative energy hits the vault guard simulacrum.
The vault guard simulacrum completely resists.
The bolt of negative energy hits you!!!
You feel drained.
You die...

...........))..#
###..####.#)##.#
##...###.#.##.# #.
#..........##.###.# #.
##.......#........# ##
##.#########.##### #.#
##..........#
######.###p..###.###.#
#.......@Zp......###.#
#.########'Z'##...##.#
#.....#Zp...#.#.##.#
#[....p.†...#...##.#
#).⌠.pp†.⌠..#......####
#...p†'†....#..........
#.....#.....#...######.
##'''########.... ##
#.....#...?)#.... #


You could see 2 necromancers, a necromancer simulacrum and a vault guard
simulacrum.

Vanquished Creatures
  An orc warlord (Orc:2)
  Snorg (Lair:3)
  3 vault guards (D:13)
  2 ogre magi (D:11)
  2 hydras (Lair:2)
  3 two-headed ogres
  6 boulder beetles
  2 centaur warriors
  A tengu warrior (D:11)
  5 orc high priests
  A skyshark (Lair:2)
  A spriggan (Lair:1)
  A deep troll (Orc:1)
  A wizard (D:13)
  A necromancer (D:13)
  Pikel (D:6)
  13 orc knights
  7 orc sorcerers
  4 ugly things
  2 cyclopes
  An oklob plant (Lair:3)
  A merfolk siren (Lair:3)
  3 manticores (D:11)
  6 black mambas
  5 elephants (Lair:2)
  4 cane toads
  3 gargoyles
  3 rime drakes
  2 komodo dragons
  Maggie (D:10)
  4 kobold demonologists
  A freezing wraith (D:11)
  An efreet (D:11)
  7 trolls
  2 polar bears
  3 hornets
  A blink frog (shapeshifter) (D:11)
  A slime creature (D:11)
  4 vampires
  A shadow (D:11)
  2 culicivoras (Lair:3)
  17 humans (D:13)
  3 wyverns
  29 yaks
  2 wraiths (D:11)
  2 steam dragons
  A basilisk (Lair:2)
  Grum (D:8)
  2 redbacks (Lair:3)
  2 vampire mosquitoes (D:12)
  4 wargs
  6 water moccasins
  4 acid dragons
  3 ice beasts
  4 black bears
  33 orc warriors
  14 wolves
  4 ogres
  12 centaurs
  2 lemures (D:6)
  2 kobold brigands
  7 bullfrogs
  3 scorpions
  5 wights (D:8)
  33 killer bees
  6 howler monkeys
  8 vampire bats
  3 electric eels
  8 wolf zombies (Bailey)
  3 lava snakes (Lair:2)
  2 gnoll boudas
  8 hounds
  Crazy Yiuf (D:4)
  34 orc priests
  5 jellies
  2 sleepcaps (D:4)
  3 iguanas
  16 orc wizards
  9 gnolls
  4 adders
  A river rat (Sewer)
  A shadow imp (D:6)
  2 white imps
  An ufetubus (D:5)
  7 worms
  2 dart slugs
  3 fire bats (D:5)
  82 orcs
  2 spectral bats (D:5)
  5 ball pythons
  3 bat skeletons (D:5)
  A bat zombie (D:5)
  16 endoplasms
  5 giant cockroaches
  10 goblins
  9 hobgoblins
  5 jackals (D:2)
  2 quokkas
  16 bats
  A bat simulacrum (D:5)
  8 frilled lizards
  17 kobolds
  18 orc zombies (Bailey)
  8 rats
646 creatures vanquished.

Vanquished Creatures (others)
  An electric eel (Lair:2)
  4 orc wizards
5 creatures vanquished.

Grand Total: 651 creatures vanquished

Notes
Turn   | Place    | Note
-------+----------+-------------------------------------------
     0 | D:1      | Peloso the Minotaur Fighter began the quest for the Orb.
     0 | D:1      | Reached XP level 1. HP: 19/19 MP: 0/0
   282 | D:1      | Reached XP level 2. HP: 27/27 MP: 1/1
   496 | D:1      | Reached skill level 3 in Long Blades
   753 | D:2      | Reached XP level 3. HP: 33/33 MP: 2/2
  1725 | D:3      | You fall into a shaft and drop 3 floors!
  1783 | D:6      | Reached XP level 4. HP: 18/40 MP: 3/3
  1786 | D:6      | Reached skill level 4 in Long Blades
  1786 | D:6      | Reached skill level 1 in Dodging
  1985 | D:5      | Entered Level 5 of the Dungeon
  2033 | D:5      | Reached XP level 5. HP: 33/46 MP: 4/4
  2086 | D:5      | Found a glowing drain.
  2094 | Sewer    | Entered a sewer
  2258 | Sewer    | Found a viscous altar of Jiyva.
  2268 | Sewer    | Reached skill level 5 in Long Blades
  2284 | Sewer    | Reached skill level 5 in Armour
  2382 | Sewer    | Reached XP level 6. HP: 31/53 MP: 5/5
  2747 | D:4      | Reached skill level 6 in Long Blades
  2803 | D:3      | Found Hamiz's Vocational Training.
  3367 | D:4      | Reached XP level 7. HP: 24/60 MP: 6/6
  3601 | D:4      | Found a runed translucent door.
  3602 | D:4      | Noticed Crazy Yiuf
  3665 | D:4      | Reached skill level 5 in Fighting
  3743 | D:4      | Found a snail-covered altar of Cheibriados.
  3782 | D:4      | Found a glowing silver altar of Zin.
  3957 | D:4      | Reached skill level 7 in Long Blades
  4289 | D:4      | Killed Crazy Yiuf
  4605 | D:5      | Reached skill level 8 in Long Blades
  4605 | D:5      | Reached skill level 5 in Shields
  4605 | D:5      | Reached XP level 8. HP: 68/68 MP: 7/7
  4861 | D:5      | Reached skill level 9 in Long Blades
  5523 | D:6      | Reached XP level 9. HP: 62/77 MP: 8/8
  5525 | D:6      | Reached skill level 10 in Long Blades
  6229 | D:7      | Noticed Pikel
  6261 | D:6      | Killed Pikel
  6651 | D:7      | Noticed a polar bear
  6652 | D:7      | Found a huge runed translucent gate.
  6652 | D:7      | Found a huge runed translucent gate.
  6652 | D:7      | Found a huge runed translucent gate.
  6652 | D:7      | Noticed a polar bear
  6652 | D:7      | Noticed a polar bear
  6652 | D:7      | Noticed a polar bear
  6654 | D:7      | Found a huge runed translucent gate.
  6654 | D:7      | Noticed a manticore
  6654 | D:7      | Noticed a polar bear
  6654 | D:7      | Noticed a polar bear
  6685 | D:7      | Reached skill level 11 in Long Blades
  6886 | D:7      | Found a staircase to the Ecumenical Temple.
  6893 | Temple   | Entered the Ecumenical Temple
  6975 | Temple   | Became a worshipper of Warmaster Okawaru
  7132 | D:8      | Found a flagged portal.
  7151 | D:8      | Noticed Grum
  7174 | D:8      | Killed Grum
  7372 | Bailey   | Entered a bailey
  7501 | Bailey   | Noticed a gargoyle
  7515 | Bailey   | Killed a gargoyle
  7515 | Bailey   | Reached * piety under Okawaru
  7516 | Bailey   | Reached XP level 10. HP: 28/88 MP: 9/9
  7941 | Bailey   | Reached skill level 12 in Long Blades
  8116 | Bailey   | Identified the +2 plate armour of Compression {Harm Str-3
                  | Int+5 Dex+3}
  8742 | D:8      | Found a radiant altar of Vehumet.
  8773 | D:8      | Reached ** piety under Okawaru
  9453 | D:9      | Found Axec's Assorted Antiques.
  9915 | D:9      | Found a runed translucent door.
  9916 | D:9      | Found a shimmering altar of Xom.
  9916 | D:9      | Noticed Madon's ghost (journeyman MiBe)
  9916 | D:9      | Noticed a +1 war axe of chaos
  9994 | D:9      | Found a broken altar of Ashenzari.
 10029 | D:9      | Reached skill level 10 in Armour
 10206 | D:9      | Noticed a smoke demon
 10218 | D:9      | Noticed a smoke demon
 10224 | D:9      | Reached *** piety under Okawaru
 10841 | D:9      | Reached XP level 11. HP: 74/95 MP: 10/10
 10852 | D:9      | Reached skill level 13 in Long Blades
 11238 | D:9      | Bought a scroll labelled CALEPP VIGUL for 23 gold pieces
 11238 | D:9      | Bought a scroll of identify for 46 gold pieces
 11364 | D:10     | Entered Level 10 of the Dungeon
 11517 | D:10     | Reached **** piety under Okawaru
 11797 | D:10     | Found a staircase to the Lair.
 11810 | D:10     | Noticed Maggie
 11817 | D:10     | Killed Maggie
 12241 | D:11     | Found a staircase to the Orcish Mines.
 12471 | D:11     | Reached skill level 14 in Long Blades
 12494 | D:11     | Noticed a two-headed ogre
 12501 | D:11     | Killed a two-headed ogre
 12501 | D:11     | Reached ***** piety under Okawaru
 12502 | D:11     | Reached skill level 1 in Evocations
 12631 | D:11     | Noticed an ogre mage
 12633 | D:11     | Identified the ring of Zaojetas {Wiz rElec rPois Will+}
 12634 | D:11     | Paralysed by an ogre mage for 5 turns
 12645 | D:11     | Killed an ogre mage
 12677 | D:11     | Noticed a brown ugly thing
 12698 | D:11     | Killed a brown ugly thing
 12698 | D:11     | Received a gift from Okawaru
 12699 | D:11     | Reached skill level 10 in Shields
 13018 | D:11     | Noticed a catoblepas
 13371 | D:10     | Reached skill level 10 in Fighting
 13422 | D:10     | Reached XP level 12. HP: 106/106 MP: 11/11
 13590 | D:11     | Reached skill level 1 in Stealth
 13793 | D:11     | Found an ancient bone altar of Kikubaaqudgha.
 13794 | D:11     | Found a snail-covered altar of Cheibriados.
 13794 | D:11     | Found a broken altar of Ashenzari.
 13794 | D:11     | Found a shimmering altar of Xom.
 13919 | D:11     | Noticed a boulder beetle
 13921 | D:11     | Noticed a boulder beetle
 13928 | D:11     | Noticed a boulder beetle
 14165 | D:11     | Noticed an ogre mage
 14180 | D:11     | Killed an ogre mage
 14181 | D:11     | Reached skill level 1 in Invocations
 14224 | D:11     | Identified the amulet "Ozaly" {Spirit rC+ Int+2 Dex+3}
 14225 | D:11     | Identified the +5 great sword "Xedec" {flame, rPois rC-
                  | Will- Dex+8}
 14225 | D:11     | Identified the +1 steam dragon scales of the World {rC+
                  | rCorr}
 14524 | D:11     | Noticed a tengu warrior
 14542 | D:11     | Killed a tengu warrior
 14649 | D:11     | Killed a boulder beetle
 14650 | D:11     | Reached skill level 15 in Long Blades
 14784 | D:11     | Killed a boulder beetle
 14803 | D:11     | Killed a boulder beetle
 14955 | D:11     | Received a gift from Okawaru
 15225 | Lair:1   | Entered Level 1 of the Lair of Beasts
 15310 | Lair:1   | Identified the +5 shortbow of Uskayaw's Inspiration {drain,
                  | Fly Dex+5}
 16082 | Lair:2   | Identified a scroll of acquirement
 16220 | Lair:2   | Noticed a six-headed hydra
 16231 | Lair:2   | Killed a one-headed hydra
 16448 | Lair:2   | Identified the +5 demon blade of Wyrd {flame, Fly rPois
                  | MP-9} (Okawaru gifted it to you on level 2 of the Lair of
                  | Beasts)
 16448 | Lair:2   | Received a gift from Okawaru
 16449 | Lair:2   | Reached XP level 13. HP: 104/116 MP: 11/13
 17720 | Lair:3   | Reached skill level 16 in Long Blades
 17808 | Lair:3   | Found a hole to the Spider Nest.
 17826 | Lair:3   | Received a gift from Okawaru
 17960 | Lair:3   | Noticed Snorg
 17972 | Lair:3   | Killed Snorg
 18251 | Lair:3   | Found a staircase to the Shoals.
 18454 | Lair:3   | Found a glowing golden altar of the Shining One.
 18474 | Lair:3   | Reached skill level 15 in Armour
 18908 | D:12     | Found a snail-covered altar of Cheibriados.
 19978 | Orc:1    | Entered Level 1 of the Orcish Mines
 20086 | Orc:1    | Found Syuro's Antique Armour Shop.
 20101 | Orc:1    | You are sucked into a shaft and drop 1 floor!
 20101 | Orc:2    | Entered Level 2 of the Orcish Mines
 20174 | Orc:2    | Noticed an orc warlord
 20235 | Orc:2    | Found a staircase to the Elven Halls.
 20342 | Orc:1    | Reached XP level 14. HP: 43/129 MP: 0/14
 21065 | D:11     | Reached ****** piety under Okawaru
 21648 | Orc:1    | Bought a distressingly furry scale mail for 261 gold pieces
 21648 | Orc:1    | Identified the +5 scale mail of Charity {rN+ rCorr SInv}
                  | (You bought it in a shop on level 1 of the Orcish Mines)
 22498 | Orc:2    | Received a gift from Okawaru
 22498 | Orc:2    | Found the +7 Kryia's mail coat {PotionHeal*2 rC+}
 22679 | Orc:2    | Killed an orc warlord
 22921 | Orc:2    | Reached skill level 17 in Long Blades
 23448 | Orc:2    | Found Ankuaps's Antique Armour Shop.
 23449 | Orc:2    | Found Adussary's Antique Weapon Shop.
 23451 | Orc:2    | Found Kaass's General Store.
 23451 | Orc:2    | Found Anupug's Book Boutique.
 23466 | Orc:2    | Bought an obsidian-encrusted plate armour for 532 gold
                  | pieces
 23466 | Orc:2    | Identified the +0 plate armour "Nekypha" {Harm *Corrode
                  | Regen+ Stlth+} (You bought it in a shop on level 2 of the
                  | Orcish Mines)
 23470 | Orc:2    | Bought a runed cloak for 142 gold pieces
 24296 | D:13     | Found a stormy altar of Qazlal.
 24521 | D:13     | Found a gate to the Vaults.
 24554 | D:13     | Reached skill level 5 in Dodging
 24567 | D:13     | Killed from afar by a necromancer

Illustrated notes

Levels and vault maps discovered:
D:1:      onia_arrival_pyramid, layout_loops_cross
D:2:      layout_loops_corners, nicolae_eternal_life, minmay_hexomino_u4
D:3:      layout_basic, nicolae_shop_vocational
D:4:      corexii_shack_village, layout_basic, mainiacjoe_overflow_big_doors,
          hangedman_decor_clover_reticule, item_on_display_a,
          uniq_crazy_yiuf_cottage
D:5:      layout_gridville, cheibrodos_sewer_entry_sluice, goddamned_bats
D:6:      layout_cave_pods
D:7:      lemuel_bear_cage, layout_basic, temple_fountains, solitary_fountain,
          uniq_pikel
D:8:      layout_loops_corners, mainiacjoe_overflow_boulevard, enter_bailey_5,
          serial_rivers, chequers_serial_rivers_small_a,
          chequers_serial_rivers_micro_c, chequers_serial_rivers_micro_b,
          chequers_serial_rivers_room_b, uniq_grum
D:9:      layout_roguey, mainiacjoe_overflow_concentric_impassable,
          serial_shops, nicolae_shop_peninsula, ebering_ghost_xom
D:10:     layout_cave_pools, erik_lair_island, st_stairs_14, serial_park_tiny_1,
          uniq_maggie
D:11:     minmay_the_grid_octo_tiled_octocenter [minmay_the_grid_octo_teeth,
          minmay_the_grid_octo_77, minmay_the_grid_octo_checkerflower,
          minmay_the_grid_octo_shrine,
          minmay_the_grid_octo_prize_square_snowflake,
          minmay_the_grid_square_5x5_doubleslash,
          minmay_the_grid_square_5x5_intrusive_squares,
          minmay_the_grid_square_5x5_two_small,
          minmay_the_grid_square_5x5_mess], layout_rooms, due_unseen_surprise
D:12:     layout_roguey, nrook_mini_vaults, hangedman_decor_points, slow_altar_1
D:13:     layout_loops_corners, grunt_vaults_entry_tiered,
          nicolae_qazlal_eye_of_the_storm
Temple:   dpeg_five_rooms_temple
Lair:1:   layout_loops_ring, grunt_forest_large_clearings
Lair:2:   layout_regular_city, minivault_23, nicolae_lair_liquid_snakes
Lair:3:   layout_regular_city, minmay_shoals_entry_lonely_mermaid,
          spider_nest_entry_funnel_web, lemuel_oklob_altar, uniq_snorg
Orc:1:    layout_caves, guppyfry_orc_lava_fort
Orc:2:    st_orc_congregation, layout_caves

Skill      XL: |  1  2  3  4  5  6  7  8  9 10 11 12 13 14 |
---------------+-------------------------------------------+-----
Shields        | 4 5 6 7 8 10 11 12 14 | 14.2
Long Blades    | 3 4 5 6 8 9 11 12 14 15 16 17 | 17.4
Armour         | 4 5 6 7 8 10 12 13 15 16 | 16.2
Fighting       | 4 5 6 7 8 10 11 13 14 | 14.6
Dodging        | 1 2 3 4 5 |  5.0
Evocations     | 1 |  1.5
Stealth        | 1 2 |  2.3
Invocations    | 2 |  2.4

Action                     |  1- 3 |  4- 6 |  7- 9 | 10-12 | 13-15 || total
---------------------------+-------+-------+-------+-------+-------++-------
  Melee: Long sword        |    89 |   136 |   371 |   835 |    56 ||  1487
         Headbutt          |    14 |    22 |    70 |   200 |   187 ||   493
         Scimitar          |       |       |       |     9 |       ||     9
         Demon blade       |       |       |       |       |   652 ||   652
 Invoke: Heroism           |       |       |       |    16 |     5 ||    21
  Evoke: Wand              |       |       |     5 |    13 |     4 ||    22
    Use: Scroll            |     6 |     4 |     2 |    13 |     3 ||    28
         Potion            |     1 |       |     3 |     5 |     5 ||    14
 Armour: Scale mail        |    36 |    77 |    10 |       |       ||   123
         Chain mail        |       |       |   206 |   105 |       ||   311
         Plate armour      |       |       |       |   292 |   295 ||   587
  Dodge: Dodged            |    45 |    73 |   180 |   304 |   242 ||   844
  Block: Buckler           |    21 |    42 |   137 |   299 |   258 ||   757
